TOP OF THE 1ST |
Orem Owlz batting - Pitching for Princeton Rays : RHP Chris Harman
|
Pitching: RHP Chris Harman
|
|
Batting: RHB Jose Ramirez
|
0-0: Ball 1-0: Ball 2-0: Ball 3-0: Called Strike 3-1: Fly out, F5 (Flyball, 5D, EV 93.8 MPH)
|
Batting: RHB Dan Burkhart
|
0-0: Ball 1-0: Fly out, F8 (Flyball, 8RXD, EV 93.1 MPH)
|
Batting: LHB Matthew Bale
|
0-0: Ball 1-0: SINGLE (Groundball, 34D, EV 95.0 MPH)
|
Batting: SHB Roger Payne
|
0-0: Ball 1-0: Ball Matthew Bale steals 2nd base 2-0: Ball 3-0: Called Strike 3-1: Base on Balls
|
Batting: RHB J.R. Roberts
|
0-0: 3-RUN HOME RUN (Flyball, 7D, EV 96.9 MPH), Distance : 375 ft
|
Batting: LHB Mutsuo IIda
|
0-0: Ball 1-0: Foul Ball, location: 2F 1-1: Swinging Strike 1-2: Ground out 6-3 (Groundball, 4M, EV 86.9 MPH)
|
Top of the 1st over - 3 runs, 2 hits, 0 errors, 0 left on base; Orem 3 - Princeton 0 |
BOTTOM OF THE 1ST |
Princeton Rays batting - Pitching for Orem Owlz : RHP Jeff Shelton
|
Pitching: RHP Jeff Shelton
|
|
Batting: SHB Berthold Frey
|
0-0: Ground out 4-3 (Groundball, 4M, EV 79.4 MPH)
|
Batting: LHB Harris Vink
|
0-0: Ball 1-0: Called Strike 1-1: SINGLE (Flyball, 8LS, EV 87.5 MPH)
|
Batting: RHB Sesto Carpini
|
0-0: Ball Harris Vink steals 2nd base 1-0: Swinging Strike 1-1: Ball 2-1: Ground out U3 (Groundball, 3, EV 100.0 MPH) Harris Vink to third
|
Batting: RHB Jon Gonzales
|
0-0: Ball 1-0: SINGLE (Groundball, 6, EV 94.4 MPH) Harris Vink scores
|
Batting: RHB Jose Arriola
|
0-0: Ball 1-0: Foul Ball, location: 2F 1-1: Ball 2-1: SINGLE (Line Drive, 8LS, EV 105.6 MPH) Jon Gonzales to second
|
Batting: SHB Joshua Jackson
|
0-0: Called Strike 0-1: Foul Ball, location: 2F 0-2: Ball 1-2: Fielders Choice at 2nd, 6-4 (Groundball, 6, EV 79.4 MPH)
|
Bottom of the 1st over - 1 run, 3 hits, 0 errors, 2 left on base; Orem 3 - Princeton 1 |
TOP OF THE 2ND |
Orem Owlz batting - Pitching for Princeton Rays : RHP Chris Harman
|
Batting: RHB Wilford Harper
|
0-0: Called Strike 0-1: Ball 1-1: Ball 2-1: Foul Ball, location: 2F 2-2: Ground out 5-3 (Groundball, 56, EV 80.0 MPH)
|
Batting: RHB Dean LeCroy
|
0-0: Called Strike 0-1: Ball 1-1: Fly out, F4 (Flyball, 34D, EV 91.9 MPH)
|
Batting: SHB Winikeneke Keikemamake
|
0-0: SINGLE (Line Drive, 8RS, EV 86.9 MPH)
|
Batting: RHB Jose Ramirez
|
0-0: Called Strike Balk! Winikeneke Keikemamake to second 0-1: Ball 1-1: Foul Ball, location: 2F 1-2: Foul Ball, location: 2F 1-2: DOUBLE (Flyball, 78D, EV 96.9 MPH) Winikeneke Keikemamake scores
|
Batting: RHB Dan Burkhart
|
0-0: Called Strike 0-1: Ball 1-1: Ball 2-1: Ball 3-1: Base on Balls
|
Batting: LHB Matthew Bale
|
0-0: Ball 1-0: Foul Ball, location: 2F 1-1: Swinging Strike 1-2: Strikes out swinging
|
Top of the 2nd over - 1 run, 2 hits, 0 errors, 2 left on base; Orem 4 - Princeton 1 |
BOTTOM OF THE 2ND |
Princeton Rays batting - Pitching for Orem Owlz : RHP Jeff Shelton
|
Batting: RHB Nelle Lommen
|
0-0: Ball 1-0: Ball 2-0: Called Strike 2-1: Ball 3-1: Ground out 4-3 (Groundball, 4, EV 91.9 MPH)
|
Batting: RHB Khalil Walker
|
0-0: Ball 1-0: Foul Ball, location: 2F 1-1: Ground out 4-3 (Groundball, 4, EV 91.9 MPH)
|
Batting: RHB Roberto Aispuro
|
0-0: Swinging Strike 0-1: Ball 1-1: SINGLE (Groundball, 4D, EV 98.1 MPH)
|
Batting: SHB Berthold Frey
|
0-0: Ball 1-0: Ground out 3-1 (Groundball, 34S, EV 80.6 MPH)
|
Bottom of the 2nd over - 0 runs, 1 hit, 0 errors, 1 left on base; Orem 4 - Princeton 1 |
TOP OF THE 3RD |
Orem Owlz batting - Pitching for Princeton Rays : RHP Chris Harman
|
Batting: SHB Roger Payne
|
0-0: Ball 1-0: Foul Ball, location: 2F 1-1: Swinging Strike 1-2: Strikes out swinging
|
Batting: RHB J.R. Roberts
|
0-0: Fly out, F4 (Flyball, 34D, EV 81.9 MPH)
|
Batting: LHB Mutsuo IIda
|
0-0: Called Strike 0-1: Ball 1-1: Ground out U3 (Groundball, 3, EV 88.1 MPH)
|
Top of the 3rd over - 0 runs, 0 hits, 0 errors, 0 left on base; Orem 4 - Princeton 1 |
BOTTOM OF THE 3RD |
Princeton Rays batting - Pitching for Orem Owlz : RHP Jeff Shelton
|
Batting: LHB Harris Vink
|
0-0: Swinging Strike 0-1: Foul Ball, location: 2F 0-2: Foul Ball, location: 2F 0-2: Foul Ball, location: 2F 0-2: Ball 1-2: Ball 2-2: Ball 3-2: Foul Ball, location: 2F 3-2: Base on Balls
|
Batting: RHB Sesto Carpini
|
0-0: Called Strike 0-1: Ball 1-1: Called Strike 1-2: Foul Ball, location: 2F 1-2: Fielders Choice at 2nd, 6-4 (Groundball, 6S, EV 89.4 MPH)
|
Batting: RHB Jon Gonzales
|
0-0: Ball Wild Pitch! Sesto Carpini to second 1-0: SINGLE (Groundball, 56D, EV 95.6 MPH) Sesto Carpini to third Runner from 3rd tries for Home, throw by LF and OUT! 7-2
|
Batting: RHB Jose Arriola
|
0-0: Reached on error, E6 (Groundball, 56, EV 86.2 MPH) Jon Gonzales to second
|
Batting: SHB Joshua Jackson
|
0-0: Ball 1-0: Ball 2-0: Ball 3-0: Foul Ball, location: 2F 3-1: Base on Balls Jon Gonzales to third Jose Arriola to second
|
Batting: RHB Nelle Lommen
|
0-0: Called Strike 0-1: Ball 1-1: Ball 2-1: Foul Ball, location: 2F 2-2: Foul Ball, location: 2F 2-2: Fly out, F8 (Flyball, 89M, EV 87.5 MPH)
|
Bottom of the 3rd over - 0 runs, 1 hit, 1 error, 3 left on base; Orem 4 - Princeton 1 |
TOP OF THE 4TH |
Orem Owlz batting - Pitching for Princeton Rays : RHP Chris Harman
|
Batting: RHB Wilford Harper
|
0-0: Called Strike 0-1: DOUBLE (Line Drive, 7LS, EV 115.6 MPH)
|
Batting: RHB Dean LeCroy
|
0-0: Ball 1-0: Foul Ball, location: 2F 1-1: Ball 2-1: Ball 3-1: Base on Balls
|
Batting: SHB Winikeneke Keikemamake
|
0-0: Ball 1-0: Called Strike 1-1: DOUBLE (Groundball, 5L, EV 106.9 MPH) Wilford Harper scores Dean LeCroy to third
|
Pitching: RHP Tim Inman
|
|
Batting: RHB Jose Ramirez
|
0-0: Ball 1-0: Called Strike 1-1: Swinging Strike 1-2: Ball 2-2: Strikes out swinging
|
Batting: RHB Dan Burkhart
|
0-0: Ground out 5-3 (Groundball, 5, EV 85.0 MPH)
|
Batting: LHB Matthew Bale
|
0-0: Foul Ball, location: 2F 0-1: Ball 1-1: Ball 2-1: Swinging Strike 2-2: Foul Ball, location: 2F 2-2: Foul Ball, location: 2F 2-2: Foul Ball, location: 2F 2-2: Ball 3-2: Base on Balls
|
Batting: SHB Roger Payne
|
0-0: Ball 1-0: Ball 2-0: Called Strike 2-1: Foul Ball, location: 2F 2-2: Foul Ball, location: 2F 2-2: Strikes out swinging
|
Top of the 4th over - 1 run, 2 hits, 0 errors, 3 left on base; Orem 5 - Princeton 1 |
BOTTOM OF THE 4TH |
Princeton Rays batting - Pitching for Orem Owlz : RHP Jeff Shelton
|
Batting: RHB Khalil Walker
|
0-0: Called Strike 0-1: Called Strike 0-2: Hit by Pitch
|
Batting: RHB Roberto Aispuro
|
0-0: Called Strike 0-1: Swinging Strike 0-2: Ground out 4-3 (Groundball, 34, EV 105.6 MPH) Khalil Walker to second
|
Batting: SHB Berthold Frey
|
0-0: Ball 1-0: Ball 2-0: Swinging Strike 2-1: Ball 3-1: Base on Balls
|
Batting: LHB Harris Vink
|
0-0: Called Strike Khalil Walker steals 3rd base Berthold Frey to second 0-1: Fly out, F6 (Popup, 6M, EV 62.5 MPH)
|
Batting: RHB Sesto Carpini
|
0-0: SINGLE (Line Drive, 5D, EV 103.1 MPH) Khalil Walker scores Berthold Frey to third Runner from 3rd tries for Home, SAFE, throw by LF to home
|
Batting: RHB Jon Gonzales
|
0-0: Ball 1-0: Ball Sesto Carpini steals 2nd base 2-0: Foul Ball, location: 2F 2-1: Ball 3-1: Base on Balls
|
Batting: RHB Jose Arriola
|
0-0: Swinging Strike 0-1: Ball 1-1: SINGLE (Line Drive, 4D, EV 97.5 MPH) Sesto Carpini to third Jon Gonzales to second Runner from 3rd tries for Home, throw by CF and OUT! 8-2
|
Bottom of the 4th over - 2 runs, 2 hits, 0 errors, 2 left on base; Orem 5 - Princeton 3 |
TOP OF THE 5TH |
Orem Owlz batting - Pitching for Princeton Rays : RHP Tim Inman
|
Batting: RHB J.R. Roberts
|
0-0: Ball 1-0: Fly out, F7 (Flyball, 7LD, EV 96.9 MPH)
|
Batting: LHB Mutsuo IIda
|
0-0: Called Strike 0-1: Foul Ball, location: 2F 0-2: Ball 1-2: Ball 2-2: Strikes out swinging
|
Batting: RHB Wilford Harper
|
0-0: Foul Ball, location: 2F 0-1: Ball 1-1: Ball 2-1: Foul Ball, location: 2F 2-2: Ball 3-2: Base on Balls
|
Batting: RHB Dean LeCroy
|
0-0: Ball 1-0: Ball 2-0: Ball 3-0: Base on Balls Wilford Harper to second
|
Batting: SHB Winikeneke Keikemamake
|
0-0: DOUBLE (Line Drive, 7LS, EV 100.0 MPH) Wilford Harper scores Dean LeCroy to third Runner from 3rd tries for Home, SAFE, throw by LF to home
|
Batting: RHB Jose Ramirez
|
0-0: Ground out 6-3 (Groundball, 6, EV 86.9 MPH)
|
Top of the 5th over - 2 runs, 1 hit, 0 errors, 1 left on base; Orem 7 - Princeton 3 |
BOTTOM OF THE 5TH |
Princeton Rays batting - Pitching for Orem Owlz : RHP Jeff Shelton
|
Batting: SHB Joshua Jackson
|
0-0: Ball 1-0: Swinging Strike 1-1: Foul Ball, location: 2F 1-2: Hit by Pitch
|
Batting: RHB Nelle Lommen
|
0-0: Ball Joshua Jackson steals 2nd, throwing error, E2 Joshua Jackson to third 1-0: Fly out, F4 (Line Drive, 4, EV 64.4 MPH)
|
Batting: RHB Khalil Walker
|
0-0: Fly out, F4 (Line Drive, 4, EV 66.2 MPH)
|
Batting: RHB Roberto Aispuro
|
0-0: Ball 1-0: Ball 2-0: Fly out, F9 (Flyball, 9LM, EV 97.5 MPH)
|
Bottom of the 5th over - 0 runs, 0 hits, 1 error, 1 left on base; Orem 7 - Princeton 3 |
TOP OF THE 6TH |
Orem Owlz batting - Pitching for Princeton Rays : RHP Tim Inman
|
Batting: RHB Dan Burkhart
|
0-0: Ball 1-0: Called Strike 1-1: Ground out 4-3 (Groundball, 4, EV 88.1 MPH)
|
Batting: LHB Matthew Bale
|
0-0: Foul Ball, location: 2F 0-1: Ball 1-1: Ball 2-1: Swinging Strike 2-2: Ground out U3 (Groundball, 3L, EV 109.4 MPH)
|
Batting: SHB Roger Payne
|
0-0: Called Strike 0-1: Foul Ball, location: 2F 0-2: Ball 1-2: Strikes out swinging
|
Top of the 6th over - 0 runs, 0 hits, 0 errors, 0 left on base; Orem 7 - Princeton 3 |
BOTTOM OF THE 6TH |
Princeton Rays batting - Pitching for Orem Owlz : RHP Jeff Shelton
|
Batting: SHB Berthold Frey
|
0-0: Ball 1-0: Called Strike 1-1: Ball 2-1: Ball 3-1: Ground out 5-3 (Groundball, 5S, EV 63.8 MPH)
|
Batting: LHB Harris Vink
|
0-0: Ball 1-0: Ball 2-0: Ball 3-0: Base on Balls
|
Batting: RHB Sesto Carpini
|
0-0: Ball 1-0: Ball Harris Vink steals 2nd base 2-0: Ball 3-0: Base on Balls
|
Batting: RHB Jon Gonzales
|
0-0: Ball 1-0: Ball 2-0: Called Strike 2-1: Called Strike 2-2: Ball 3-2: Ground out 5-3 (Groundball, 56S, EV 67.5 MPH) Harris Vink to third Sesto Carpini to second
|
Batting: RHB Jose Arriola
|
0-0: Ball 1-0: Ball 2-0: SINGLE (Groundball, 6MD, EV 110.6 MPH) Harris Vink scores Sesto Carpini to third Runner from 3rd tries for Home, SAFE, throw by CF to home
|
Pitching: RHP Jon Shonka
|
|
Batting: SHB Joshua Jackson
|
0-0: Ball 1-0: Called Strike 1-1: Ball 2-1: Swinging Strike 2-2: Hit by Pitch Jose Arriola to second
|
Batting: RHB Nelle Lommen
|
0-0: Ball 1-0: Ball 2-0: SINGLE (Line Drive, 9LS, EV 93.8 MPH) Jose Arriola to third Joshua Jackson to second Runner from 3rd tries for Home, SAFE, throw by RF to home
|
Batting: RHB Khalil Walker
|
0-0: Called Strike 0-1: Ball 1-1: Ball 2-1: Ball 3-1: Base on Balls Joshua Jackson to third Nelle Lommen to second
|
Batting: RHB Roberto Aispuro
|
0-0: SINGLE (Groundball, 6MD, EV 107.5 MPH) Joshua Jackson scores Nelle Lommen to third Khalil Walker to second Runner from 3rd tries for Home, SAFE, throw by CF to home
|
Batting: SHB Berthold Frey
|
0-0: Ball 1-0: Foul Ball, location: 2F 1-1: Ball 2-1: Ground out 5-3 (Groundball, 56, EV 103.8 MPH)
|
Bottom of the 6th over - 5 runs, 3 hits, 0 errors, 2 left on base; Orem 7 - Princeton 8 |
TOP OF THE 7TH |
Orem Owlz batting - Pitching for Princeton Rays : RHP Tim Inman
|
Pitching: RHP Austin Gambrell
|
|
Batting: RHB J.R. Roberts
|
0-0: Foul Ball, location: 2F 0-1: Foul Ball, location: 2F 0-2: Ball 1-2: SINGLE (Flyball, 6MD, EV 83.8 MPH)
|
Batting: LHB Mutsuo IIda
|
0-0: Bunt missed! 0-1: Sac Bunt to 15 - play at first, batter OUT! 1-4 J.R. Roberts to second
|
Batting: RHB Wilford Harper
|
0-0: Ball Passed Ball! J.R. Roberts to third 1-0: Ball 2-0: Ball 3-0: Base on Balls
|
Batting: RHB Dean LeCroy
|
0-0: Called Strike 0-1: Ball 1-1: Ball 2-1: Foul Ball, location: 2F 2-2: Ball 3-2: Strikes out swinging
|
Batting: SHB Winikeneke Keikemamake
|
0-0: Ball 1-0: Called Strike 1-1: Ball 2-1: Swinging Strike 2-2: Strikes out looking
|
Top of the 7th over - 0 runs, 1 hit, 0 errors, 2 left on base; Orem 7 - Princeton 8 |
BOTTOM OF THE 7TH |
Princeton Rays batting - Pitching for Orem Owlz : RHP Jon Shonka
|
Batting: LHB Harris Vink
|
0-0: Ball 1-0: Foul Ball, location: 2F 1-1: SINGLE (Groundball, 25, EV 70.0 MPH) (infield hit)
|
Batting: RHB Sesto Carpini
|
0-0: Ball 1-0: Foul Ball, location: 2F 1-1: Ball 2-1: Ball Harris Vink steals 2nd base 3-1: Called Strike 3-2: Ground out U3 (Groundball, 3, EV 81.9 MPH) Harris Vink to third
|
Batting: RHB Jon Gonzales
|
0-0: Called Strike 0-1: Ball Passed Ball! Harris Vink scores 1-1: Foul Ball, location: 2F 1-2: Ball 2-2: Ball 3-2: Fly out, F9 (Line Drive, 9, EV 109.4 MPH)
|
Batting: RHB Jose Arriola
|
0-0: Called Strike 0-1: SINGLE (Flyball, 8RS, EV 85.0 MPH)
|
Batting: SHB Joshua Jackson
|
0-0: Ball Jose Arriola steals 2nd base 1-0: Ball 2-0: Ball 3-0: Called Strike 3-1: Swinging Strike 3-2: Foul Ball, location: 2F 3-2: Fly out, F8 (Flyball, 89XD, EV 94.4 MPH)
|
Bottom of the 7th over - 1 run, 2 hits, 0 errors, 1 left on base; Orem 7 - Princeton 9 |
TOP OF THE 8TH |
Orem Owlz batting - Pitching for Princeton Rays : RHP Austin Gambrell
|
Pitching: LHP Parker Martinet
|
|
Now at SS: Jesus Carrillo
|
|
Batting: RHB Jose Ramirez
|
0-0: Ball 1-0: Reached on error, E3 (Groundball, 34S, EV 63.1 MPH)
|
Batting: RHB Dan Burkhart
|
0-0: Foul Ball, location: 2F 0-1: Ball 1-1: Called Strike 1-2: Foul Ball, location: 2F 1-2: SINGLE (Groundball, 56D, EV 103.8 MPH) Jose Ramirez to second Runner from 2nd tries for 3rd, SAFE, no throw by LF
|
Batting: RHB Edward Hillock
|
0-0: Ball 1-0: Ball 2-0: DOUBLE (Line Drive, 78XD, EV 107.5 MPH) Jose Ramirez scores Dan Burkhart to third
|
Batting: SHB Roger Payne
|
0-0: Ball 1-0: Ball 2-0: Foul Ball, location: 2F 2-1: Ball 3-1: Called Strike 3-2: DOUBLE (Groundball, 5D, EV 103.1 MPH) Dan Burkhart scores Edward Hillock scores
|
Batting: RHB J.R. Roberts
|
0-0: Intentional Walk
|
Batting: LHB Mutsuo IIda
|
0-0: Foul Ball, location: 2F 0-1: Ball 1-1: Swinging Strike 1-2: Foul Ball, location: 2F 1-2: Strikes out looking
|
Batting: RHB Wilford Harper
|
0-0: Called Strike 0-1: Ball 1-1: Ball 2-1: Foul Ball, location: 2F 2-2: Strikes out swinging
|
Batting: RHB Dean LeCroy
|
0-0: Called Strike 0-1: Ball 1-1: Foul Ball, location: 2F 1-2: Ball 2-2: Foul Ball, location: 2F 2-2: Strikes out looking
|
Top of the 8th over - 3 runs, 3 hits, 1 error, 2 left on base; Orem 10 - Princeton 9 |
BOTTOM OF THE 8TH |
Princeton Rays batting - Pitching for Orem Owlz : RHP Jon Shonka
|
Batting: RHB Nelle Lommen
|
0-0: Foul Ball, location: 2F 0-1: Ball 1-1: Ball 2-1: Foul Ball, location: 2F 2-2: SINGLE (Groundball, 6MD, EV 96.2 MPH)
|
Batting: RHB Khalil Walker
|
0-0: Ball 1-0: Bunt missed! 1-1: Sac Bunt to 25 - play at first, batter OUT! 5-4 Nelle Lommen to second
|
Pinch Hitting: LHB Darryl Gonnella
|
0-0: Ground out 4-3 (Groundball, 4, EV 89.4 MPH) Nelle Lommen to third
|
Batting: SHB Berthold Frey
|
0-0: Called Strike 0-1: Foul Ball, location: 2F 0-2: Foul Ball, location: 2F 0-2: Foul Ball, location: 2F 0-2: Ball 1-2: Ball 2-2: Foul Ball, location: 2F 2-2: Foul Ball, location: 2F 2-2: Ground out 5-3 (Groundball, 56S, EV 76.9 MPH)
|
Bottom of the 8th over - 0 runs, 1 hit, 0 errors, 1 left on base; Orem 10 - Princeton 9 |
TOP OF THE 9TH |
Orem Owlz batting - Pitching for Princeton Rays : LHP Parker Martinet
|
Pitching: LHP Chris Bates
|
|
Now in CF: Darryl Gonnella
|
|
Batting: SHB Winikeneke Keikemamake
|
0-0: Ball 1-0: Swinging Strike 1-1: Ground out 6-3 (Groundball, 56, EV 107.5 MPH)
|
Batting: RHB Jose Ramirez
|
0-0: Ball 1-0: Swinging Strike 1-1: Swinging Strike 1-2: Ball 2-2: Strikes out swinging, 2-3 out at first.
|
Batting: RHB Dan Burkhart
|
0-0: Swinging Strike 0-1: Foul Ball, location: 2F 0-2: Ball 1-2: Foul Ball, location: 2F 1-2: Foul Ball, location: 2F 1-2: Foul Ball, location: 2F 1-2: Strikes out swinging
|
Top of the 9th over - 0 runs, 0 hits, 0 errors, 0 left on base; Orem 10 - Princeton 9 |
BOTTOM OF THE 9TH |
Princeton Rays batting - Pitching for Orem Owlz : RHP Jon Shonka
|
Batting: LHB Harris Vink
|
0-0: SINGLE (Groundball, 4MD, EV 85.6 MPH) (infield hit)
|
Pitching: RHP Danny Guevara
|
|
Batting: RHB Sesto Carpini
|
0-0: Ball 1-0: Ball 2-0: Ball 3-0: Base on Balls Harris Vink to second
|
Batting: RHB Jon Gonzales
|
0-0: Ball 1-0: SINGLE (Line Drive, 89S, EV 103.1 MPH) Harris Vink to third Sesto Carpini to second Runner from 3rd tries for Home, SAFE, throw by RF to home
|
Batting: RHB Jose Arriola
|
0-0: Foul Ball, location: 2F 0-1: Fly out, F8 (Flyball, 8LD, EV 91.9 MPH) Runner from 2nd tags up, SAFE at 3rd with throw by CF
|
Batting: RHB Jesus Carrillo
|
0-0: Called Strike 0-1: Ball 1-1: Ball Passed Ball! Sesto Carpini scores
|
Bottom of the 9th over - 2 runs, 2 hits, 0 errors, 0 left on base; Orem 10 - Princeton 11 |
|
Game Over ... Princeton defeats Orem, 11 to 10
|
|
|